Map: Winter's Gate LE

Players

RaxCity

  • Race: Zerg Zerg
  • League: Master
  • Spawn Location: 5:00

IlIlIlIlIlIl - Winner!

  • Race: Terran Terran
  • League: Diamond
  • Spawn Location: 11:00

VOD

Have the link to the VOD?

Description

Time

  • Played on: Aug. 21, 2019, 10:06 p.m.
  • Length: 37:04
Show
View Real Time Build Order
Export as new Build Order

RaxCity Zerg 

Build Orders: Hatch First 

Get SALT Encoding   

  12  0:01  Drone  
  13  0:12  Overlord  
  13  0:19  Drone  
  14  0:31  Drone x2  
  16  0:49  Hatchery  
  15  0:53  Drone  
  15  0:56  Drone  
  17  0:58  Extractor  
  16  1:14  Spawning Pool  
  16  1:17  Drone  
  16  1:21  Drone  
  16  1:25  Drone  
  18  1:33  Drone  
  19  1:44  Drone  
  20  1:57  Hatchery  
  19  2:04  Metabolic Boost  
  20  2:08  Drone  
  20  2:11  Drone  
  20  2:14  Drone  
  22  2:17  Drone  
  22  2:20  Drone  
  24  2:29  Queen  
  26  2:38  Queen  
  28  2:44  Overlord  
  28  2:49  Overlord  
  28  3:02  Drone x5  
  28  3:04  Drone  
  34  3:09  Drone  
  35  3:15  Queen  
  35  3:17  Drone  
  35  3:19  Drone  
  39  3:21  Drone  
  39  3:24  Drone  
  39  3:26  Drone  
  42  3:31  Overlord  
  42  3:40  Drone x5  
  47  3:50  Drone  
  47  3:51  Drone x4  
  52  3:56  Queen  
  52  3:58  Queen  
  52  4:02  Overlord  
  56  4:06  Queen  
  56  4:09  Overlord  
  58  4:14  Overlord x2  
  58  4:20  Drone x3  
  61  4:43  Hatchery  
  60  4:50  Drone x10  
  70  4:56  Lair, Evolution Chamber  
  70  4:57  Evolution Chamber  
  68  5:02  Extractor  
  68  5:03  Extractor  
  66  5:18  Drone x12  
  66  5:19  Drone x3  
  66  5:20  Drone  
  82  5:39  Drone x4  
  86  5:55  Queen x4  
  94  6:01  Overlord x3  
  94  6:02  Overlord  
  94  6:11  Drone  
  94  6:12  Drone  
  96  6:28  Zerg Ground Armor Level 1, Zerg Missile Weapons Level 1  
  96  6:30  Queen  
  96  6:31  Queen x3  
  104  6:34  Infestation Pit  
  103  6:57  Drone  
  103  6:58  Drone x18  
  103  6:59  Drone x2  
  124  7:02  Spore Crawler  
  124  7:03  Spore Crawler  
  122  7:27  Overlord  
  122  7:29  Overlord x6  
  122  7:30  Overlord x5  
  122  7:38  Spore Crawler x2  
  122  7:39  Spore Crawler x2, Queen  
  122  7:40  Spore Crawler x2, Queen  
  122  7:41  Spore Crawler x4, Queen x2  
  122  7:43  Spore Crawler  
  122  7:44  Spore Crawler  
  118  7:45  Spore Crawler, Drone  
  118  7:46  Spore Crawler x2, Drone x11  
  118  7:47  Spore Crawler, Drone  
  118  7:48  Spore Crawler  
  118  7:49  Spore Crawler  
  118  7:50  Spore Crawler x2  
  123  7:52  Spore Crawler  
  123  7:57  Hatchery  
  121  7:59  Hatchery  
  120  8:13  Spore Crawler x2  
  120  8:14  Spore Crawler  
  120  8:15  Queen x2  
  120  8:16  Spore Crawler, Queen  
  120  8:17  Queen  
  124  8:21  Spore Crawler  
  124  8:23  Spore Crawler x2  
  121  8:40  Zerg Missile Weapons Level 2, Zerg Ground Armor Level 2  
  121  8:50  Queen  
  121  8:51  Queen  
  121  8:52  Queen x2  
  129  9:17  Drone  
  129  9:18  Drone x27  
  129  9:19  Drone x4  
  161  9:26  Queen  
  161  9:27  Queen  
  161  9:28  Queen  
  167  9:31  Spore Crawler  
  167  9:32  Spore Crawler  
  167  9:33  Spore Crawler x2  
  167  9:34  Spore Crawler x4  
  167  9:35  Spore Crawler x2  
  167  9:36  Spore Crawler x2  
  167  9:37  Spore Crawler x2  
  167  9:38  Spore Crawler  
  152  9:50  Spore Crawler  
  152  9:52  Spore Crawler  
  150  9:53  Spore Crawler x3  
  150  9:54  Spore Crawler  
  150  9:57  Spore Crawler  
  150  9:59  Spore Crawler  
  144  10:00  Spore Crawler  
  144  10:01  Spore Crawler  
  144  10:02  Spore Crawler  
  144  10:03  Spore Crawler x2  
  144  10:06  Spore Crawler  
  138  10:08  Spore Crawler  
  138  10:10  Spore Crawler  
  138  10:12  Spore Crawler x2  
  134  10:15  Spore Crawler x2  
  134  10:16  Spore Crawler  
  134  10:18  Overseer x2  
  134  10:19  Spore Crawler x2, Overseer x4  
  129  10:21  Spore Crawler  
  116  10:44  Queen  
  116  10:46  Queen  
  116  10:47  Queen x4  
  128  11:03  Drone  
  130  11:04  Drone x11  
  130  11:05  Drone  
  141  11:12  Spore Crawler  
  141  11:13  Spore Crawler  
  139  11:20  Queen  
  139  11:22  Queen  
  139  11:23  Queen x2  
  147  11:52  Queen x2  
  151  11:56  Queen  
  151  11:58  Queen x3  
  157  12:07  Spore Crawler  
  156  12:09  Spore Crawler  
  149  12:28  Queen  
  149  12:29  Queen  
  151  12:31  Queen  
  151  12:33  Queen  
  151  12:34  Queen x2  
  153  13:03  Queen  
  153  13:05  Queen  
  152  13:09  Queen  
  152  13:10  Queen x3  
  149  13:39  Queen  
  149  13:40  Queen  
  147  13:45  Queen  
  147  13:46  Queen x3  
  153  14:15  Queen  
  153  14:16  Queen  
  157  14:21  Queen  
  157  14:33  Queen x3  
  157  14:50  Queen  
  157  14:52  Queen  
  161  14:56  Queen  
  163  15:08  Queen  
  163  15:09  Queen x2  
  167  15:26  Queen  
  167  15:27  Queen  
  171  15:43  Infestation Pit  
  171  15:44  Queen  
  171  15:45  Queen x2  
  176  15:56  Hive  
  175  16:00  Hatchery  
  175  16:02  Queen  
  175  16:03  Queen  
  178  16:20  Queen x3  
  184  16:36  Spore Crawler  
  184  16:37  Queen  
  184  16:39  Queen  
  179  16:55  Queen  
  179  16:56  Queen x2  
  185  17:13  Queen  
  185  17:14  Queen  
  189  17:31  Queen  
  189  17:32  Queen x2  
  195  17:42  Queen  
  197  17:49  Queen  
  199  18:07  Queen x2  
  193  18:17  Queen  
  181  18:24  Queen  
  171  18:30  Queen  
  171  18:31  Queen  
  167  18:42  Queen  
  167  18:43  Queen  
  167  18:53  Queen  
  163  19:00  Queen  
  163  19:06  Queen x2  
  165  19:18  Queen  
  165  19:19  Queen  
  169  19:29  Queen  
  171  19:36  Queen  
  173  19:42  Queen x2  
  167  19:54  Queen x2  
  167  20:04  Queen  
  167  20:05  Hatchery  
  168  20:11  Queen  
  170  20:17  Queen  
  170  20:18  Queen  
  173  20:29  Queen  
  173  20:30  Queen  
  177  20:40  Queen  
  168  20:47  Queen  
  158  20:53  Queen x2  
  158  21:05  Queen  
  158  21:06  Queen  
  160  21:16  Queen  
  162  21:23  Queen  
  164  21:28  Overseer  
  164  21:29  Queen x2, Overseer x6  
  164  21:30  Overseer x5  
  168  21:33  Overlord  
  168  21:34  Overlord x11  
  168  21:41  Queen  
  172  21:51  Queen  
  172  21:53  Hatchery  
  173  21:58  Queen  
  175  22:04  Queen  
  175  22:05  Queen  
  179  22:10  Queen  
  179  22:17  Queen  
  179  22:27  Queen  
  181  22:34  Queen  
  181  22:35  Zerg Ground Armor Level 3, Zerg Missile Weapons Level 3  
  183  22:40  Queen x2  
  187  22:46  Queen  
  188  22:53  Queen  
  190  23:03  Queen  
  192  23:10  Queen  
  194  23:16  Queen x2  
  198  23:22  Queen  
  200  23:39  Pneumatized Carapace  
  200  23:44  Overseer x3  
  200  23:45  Overseer x11  
  194  27:19  Nydus Network  
  155  29:40  Queen x6  
  167  30:15  Queen  
  167  30:16  Queen x5  
  179  30:51  Queen  
  179  30:52  Queen x5  
  173  31:27  Queen x6  
  119  32:02  Queen  
  119  32:03  Queen x5  
  101  32:38  Queen  
  101  32:39  Queen x5  
  97  33:04  Queen  
  99  33:14  Queen x6  
  111  33:40  Nydus Canal  
  111  33:42  Queen  
  113  33:49  Queen  
  113  33:50  Queen x5  
  113  33:54  Nydus Canal  
  125  34:12  Nydus Canal  
  125  34:18  Queen  
  127  34:25  Queen  
  127  34:26  Queen x5  
  109  34:53  Queen  
  111  35:01  Queen x6  
  123  35:29  Queen  
  125  35:36  Queen  
  125  35:37  Queen x5  
  133  36:05  Queen  
  129  36:12  Queen  
  129  36:13  Queen  
Show
View Real Time Build Order
Export as new Build Order

IlIlIlIlIlIl Terran - Winner!

Build Orders: Command Center First (CC) 

Get SALT Encoding   

  12  0:00  SCV  
  13  0:15  Supply Depot  
  13  0:18  SCV  
  14  0:30  SCV  
  15  0:42  SCV  
  16  0:50  Refinery  
  16  0:54  SCV  
  17  1:06  SCV  
  18  1:12  Command Center  
  18  1:18  SCV  
  19  1:31  SCV  
  19  1:32  Barracks  
  20  1:43  SCV  
  21  1:55  SCV  
  21  1:56  Engineering Bay  
  22  2:07  SCV  
  23  2:19  Orbital Command  
  23  2:24  Marine, Planetary Fortress  
  24  2:31  Refinery  
  24  2:55  Supply Depot  
  24  2:57  SCV  
  25  3:01  Command Center, SCV  
  26  3:09  SCV  
  27  3:13  SCV  
  27  3:19  Supply Depot  
  28  3:21  Factory  
  28  3:22  SCV  
  28  3:26  SCV  
  30  3:32  Missile Turret  
  30  3:34  Missile Turret  
  30  3:36  SCV  
  31  3:46  SCV  
  32  3:53  SCV  
  33  4:00  Command Center  
  33  4:02  SCV  
  34  4:13  Planetary Fortress  
  34  4:16  SCV  
  34  4:17  SCV  
  36  4:21  Missile Turret  
  36  4:22  Refinery  
  36  4:25  Refinery  
  36  4:29  SCV x2  
  38  4:32  Factory Tech Lab  
  38  4:41  SCV x2  
  38  4:44  Starport  
  40  4:53  SCV, Missile Turret  
  40  4:54  SCV  
  40  4:55  SCV  
  40  4:59  Neosteel Armor  
  43  5:05  Siege Tank, SCV  
  43  5:07  SCV  
  48  5:15  SCV  
  48  5:17  SCV  
  50  5:30  Starport Tech Lab  
  50  5:33  Planetary Fortress  
  50  5:35  SCV x3  
  53  5:47  Refinery  
  53  5:48  Missile Turret  
  53  5:49  SCV  
  54  5:50  SCV x2, Refinery  
  56  6:00  Supply Depot  
  56  6:01  SCV, Supply Depot  
  56  6:02  SCV  
  58  6:07  Missile Turret x3  
  58  6:15  Missile Turret  
  58  6:18  Viking  
  60  6:31  Barracks Tech Lab  
  60  6:38  SCV x4  
  64  6:45  Command Center  
  64  6:51  SCV x3  
  64  6:52  SCV  
  68  6:54  Siege Tank  
  71  7:07  SCV  
  71  7:08  SCV x3  
  75  7:15  Command Center x2  
  75  7:19  SCV, Barracks  
  75  7:20  Barracks, SCV  
  77  7:22  Barracks  
  77  7:27  SCV, Ghost Academy  
  77  7:28  SCV  
  77  7:29  Ghost Academy  
  79  7:30  Ghost Academy  
  79  7:31  SCV  
  80  7:40  SCV x3  
  80  7:41  Hi-Sec Auto Tracking  
  83  7:48  SCV, Engineering Bay  
  83  7:50  Engineering Bay  
  84  7:52  SCV x2  
  86  8:02  Ghost Academy x2  
  86  8:10  Refinery, Missile Turret  
  86  8:11  Raven  
  86  8:12  Refinery  
  88  8:14  Missile Turret  
  88  8:15  Missile Turret  
  88  8:21  Barracks Tech Lab  
  88  8:22  Barracks Tech Lab x2  
  88  8:23  Combat Shield  
  90  8:28  Personal Cloaking  
  90  8:30  Nuke x2  
  90  8:31  Nuke x2  
  90  8:44  Planetary Fortress  
  90  8:51  Sensor Tower  
  90  8:54  Unknown  
  98  9:19  Enhanced Shockwaves  
  98  9:26  Unknown x4  
  106  9:34  Missile Turret  
  106  9:37  Missile Turret x2  
  106  9:39  Missile Turret  
  106  9:41  Missile Turret  
  106  9:43  Missile Turret  
  106  9:44  Missile Turret  
  106  9:54  Nuke, Unknown  
  106  9:55  Unknown x3  
  114  10:02  Missile Turret  
  114  10:23  Unknown x4  
  116  10:56  Terran Infantry Armor Level 1, Terran Infantry Weapons Level 1  
  114  11:03  Unknown  
  116  11:04  Unknown x3  
  122  11:13  Nuke x2  
  122  11:32  Unknown x4  
  126  11:55  Planetary Fortress  
  126  12:00  Unknown  
  126  12:01  Unknown x3  
  118  12:59  Unknown x4  
  122  13:09  SCV  
  122  13:10  SCV x6  
  129  13:13  Nuke  
  129  13:15  Nuke x2  
  129  13:16  Nuke x2  
  129  13:21  SCV  
  130  13:27  Unknown  
  130  13:28  Unknown  
  123  14:06  Unknown  
  123  14:07  Unknown x3  
  131  14:15  Command Center  
  131  14:16  Command Center  
  131  14:18  Command Center x2  
  131  14:22  Command Center  
  131  14:35  Unknown x4  
  137  15:03  Unknown  
  137  15:04  Unknown x2  
  131  15:31  Command Center  
  131  15:33  Command Center x2  
  131  15:34  Command Center  
  131  15:35  Nuke  
  131  15:36  Nuke x4  
  131  15:39  Command Center  
  131  15:44  Armory  
  137  16:25  Command Center  
  137  16:26  Command Center  
  137  16:27  Command Center x3  
  137  16:28  Command Center x2  
  137  16:43  Nuke x4  
  137  16:44  Nuke, Unknown x3  
  137  17:05  Planetary Fortress  
  137  17:06  Planetary Fortress  
  137  17:10  Planetary Fortress  
  137  17:12  Unknown  
  137  17:13  Unknown x2  
  141  17:41  Unknown  
  141  17:42  Unknown x2  
  149  17:59  Nuke x3  
  145  18:10  Unknown x3  
  145  18:16  Unknown  
  147  18:33  Planetary Fortress  
  143  18:37  Missile Turret  
  143  18:38  Unknown, Refinery  
  143  18:39  Unknown x2, Refinery, Missile Turret  
  149  18:45  Unknown  
  151  18:56  SCV  
  151  18:57  SCV x6  
  151  18:59  SCV x2  
  151  19:00  SCV  
  151  19:01  SCV x2  
  163  19:07  Unknown x3  
  169  19:11  SCV  
  169  19:13  Unknown  
  169  19:20  SCV  
  169  19:22  SCV x8  
  169  19:23  SCV x5  
  183  19:24  Planetary Fortress  
  183  19:25  Planetary Fortress  
  181  19:35  Unknown  
  181  19:36  Unknown x2  
  181  19:37  Nuke x2  
  181  19:38  Nuke  
  180  19:42  Unknown  
  172  20:08  Planetary Fortress  
  172  20:14  Refinery  
  172  20:15  Refinery  
  172  20:21  Missile Turret  
  172  20:22  Missile Turret  
  172  20:25  Missile Turret  
  172  20:26  Missile Turret  
  172  20:27  Missile Turret  
  137  21:59  Nuke x4  
  137  22:00  Nuke  
  133  22:15  SCV  
  133  22:16  SCV x7  
  133  22:19  Unknown  
  133  22:20  Unknown x3  
  145  22:47  Terran Infantry Armor Level 2, Terran Infantry Weapons Level 2  
  145  22:48  Unknown x2  
  127  23:22  Planetary Fortress x2  
  127  23:24  Planetary Fortress  
  135  23:58  Medivac  
  137  24:09  Unknown x4  
  139  24:10  Planetary Fortress  
  139  24:17  Planetary Fortress  
  139  24:22  Missile Turret  
  139  24:24  Missile Turret  
  139  24:25  Missile Turret  
  139  24:30  Missile Turret  
  139  24:37  Unknown  
  137  25:16  Terran Infantry Armor Level 3, Terran Infantry Weapons Level 3  
  137  25:19  Medivac  
  139  25:55  Nuke x3  
  139  25:56  Nuke  
  131  27:01  Barracks  
  131  27:04  Barracks x3  
  131  27:07  Barracks  
  131  27:08  Barracks  
  131  27:10  Barracks  
  131  27:11  Barracks x2  
  131  27:12  Barracks  
  131  27:15  Barracks  
  131  27:16  Barracks  
  131  27:17  Barracks  
  131  27:18  Barracks  
  131  27:19  Barracks x2  
  131  27:20  Barracks  
  131  27:22  Stimpack  
  131  27:24  Medivac  
  133  27:47  Missile Turret  
  133  27:48  Missile Turret  
  133  27:49  Nuke  
  133  27:51  Missile Turret  
  133  27:52  Barracks Reactor  
  133  27:54  Barracks Reactor, Medivac  
  133  27:55  Barracks Reactor x3  
  133  27:57  Barracks Reactor x2  
  135  28:02  Barracks Reactor  
  135  28:05  Barracks Reactor  
  135  28:15  Command Center  
  135  28:17  Command Center  
  135  28:18  Command Center  
  135  28:21  Command Center  
  135  28:24  Medivac  
  131  28:54  Medivac  
  129  29:00  Marine x17  
  129  29:01  Marine x3  
  146  29:17  Marine  
  146  29:18  Marine x10  
  146  29:22  Barracks Reactor x2  
  146  29:23  Barracks Reactor  
  146  29:24  Medivac  
  157  29:30  Marine  
  158  29:31  Marine x8  
  158  29:35  Marine  
  158  29:36  Marine x10  
  177  29:43  Barracks Reactor  
  177  29:48  Marine  
  177  29:49  Marine x7  
  177  29:50  Barracks Reactor  
  177  29:51  Barracks Reactor  
  185  29:59  Orbital Command  
  185  30:11  Marine  
  185  30:12  Marine x14  
  200  30:22  Orbital Command  
  200  30:54  Refinery x2  
  191  31:19  Marine x6  
  191  31:20  Marine x11  
  188  31:29  Marine x11  
  181  31:37  Marine x11  
  181  31:38  Marine x3  
  175  31:41  Marine x3  
  175  31:47  Marine x11  
  157  31:55  Marine x14  
  157  31:59  Marine x3  
  174  32:04  Marine  
  174  32:05  Marine  
  176  32:25  Marine x16  
  176  32:26  Marine x2  
  174  32:39  Marine x10  
  174  32:42  Marine  
  174  32:43  Marine x6  
  159  32:56  Refinery  
  159  32:57  Refinery  
  156  32:59  Factory  
  156  33:01  Factory x3  
  156  33:07  Factory  
  156  33:10  Terran Vehicle Weapons Level 1  
  156  33:46  Factory Tech Lab x2  
  156  33:47  Factory Tech Lab  
  156  33:53  Factory Tech Lab  
  156  33:56  Factory x2  
  156  33:57  Factory  
  156  34:02  Factory Tech Lab  
  156  34:23  Siege Tank  
  156  34:24  Siege Tank x5  
  174  34:30  Planetary Fortress  
  163  34:55  Marine x2, Siege Tank  
  163  34:56  Marine x13, Siege Tank x5  
  196  35:04  Factory Tech Lab  
  196  35:15  Factory Tech Lab  
  196  35:27  Siege Tank  
  198  36:10  Marine x5  
  198  36:11  Marine x5  
Tags
 
Add a new tag
Caveats
  • Supply blocks, unpowered buildings, or Contaminate may cause inaccurate times.
  • Supply counts are checked every 10 seconds.